 Dungeon Crawl Stone Soup version 0.28-a0-1038-g9c4cb8273d (webtiles) character file.

Game seed: 1753992341470666818

588224 miscthings the Slayer (level 26, -23/229 HPs)
             Began as a Barachi Monk on Dec 8, 2021.
             Was a High Priest of Okawaru.
             Succumbed to a ghost moth's poison
             ... while paralysed by you
             ... on level 3 of the Abyss on Dec 9, 2021.
             The game lasted 03:13:03 (69964 turns).

miscthings the Slayer (Barachi Monk)               Turns: 69964, Time: 03:13:04

Health: -23/229    AC: 29    Str: 22    XL:     26   Next: 91%
Magic:  9/43       EV:  2    Int: 23    God:    Okawaru [*****.]
Gold:   9247       SH:  0    Dex: 25    Spells: 32/57 levels left

rFire   + . .      SeeInvis +   q - +4 demon whip (freeze)
rCold   + . .      Faith    .   j - +3 kite shield {reflect}
rNeg    + + .      Spirit   .   O - +5 faerie dragon scales {rC+ rN+ rCorr Stlth+}
rPois   .          Reflect  +   Y - +0 helmet "Cecam" {Will++ Int+3}
rElec   .          Harm     .   C - +2 cloak {rCorr}
rCorr   +          Rampage  +   n - +2 pair of gloves {Dex+3}
Will    ++++.                   X - +2 pair of boots {rampage}
Stlth   +++.......              D - amulet "Guc Nauc" {Fragile +Blink Regen+ rCorr}
HPRegen 1.28/turn               x - ring "Vaor" {Wiz *Slow rN+ Int+3 SInv}
MPRegen 0.28/turn               N - ring "Huna Feu" {rF+ Will+ Str+5 Dex+6}

@: paralysed, lethally poisoned (-23 -> -128), hasted, studying 3 skills, slow
A: amphibious, slowness 1, strong legs 2, +LOS, talons 1, mutation resistance 1,
screaming 1, subdued magic 1
}: 4/15 runes: decaying, serpentine, slimy, silver
a: Hop, Renounce Religion, Evoke Blink, Heroism, Finesse, Duel


You were on level 3 of the Abyss.
You worshipped Okawaru.
Okawaru was extremely pleased with you.
You visited 11 branches of the dungeon, and saw 52 of its levels.
You visited the Abyss 1 time.
You also visited: Sewer, Ossuary, Bailey, Gauntlet and Ice Cave.

You collected 12867 gold pieces.
You spent 3620 gold pieces at shops.

Inventory:

Hand Weapons
 q - a +4 demon whip of freezing (weapon)
 s - the +5 falchion "Aubergine" {holy, rF+}
   (You found it on level 13 of the Dungeon)

   It has been blessed by the Shining One to cause great damage to the undead
   and demons.
   rF:        It protects you from fire.
Missiles
 l - 21 silver javelins (quivered)
 G - 7 throwing nets
Armour
 i - the +1 scale mail "Rinlack" {Rampage rF- Int+9 SInv}
   (You found it on level 3 of the Elven Halls)

   Int:       It affects your intelligence (+9).
   rF:        It makes you vulnerable to fire.
   SInv:      It lets you see invisible.
   Rampage:   It bestows one free step when moving towards enemies.
 j - a +3 kite shield of reflection (worn)
 m - the +0 helmet of the Moon {rElec rCorr Dex+3}
   (You found it on level 3 of the Depths)

   Dex:       It affects your dexterity (+3).
   rElec:     It insulates you from electricity.
   rCorr:     It protects you from acid and corrosion.
 n - a +2 pair of gloves of dexterity (worn)
 y - the +1 hat "Dydasei" {rPois rF- rN+++}
   (You acquired it on level 2 of the Elven Halls)

   rF:        It makes you vulnerable to fire.
   rPois:     It protects you from poison.
   rN:        It renders you almost immune to negative energy.
 C - a +2 cloak of preservation (worn)
 O - the +5 faerie dragon scales (worn) {rC+ rN+ rCorr Stlth+}
   (You took it off the Enchantress on level 3 of the Depths)

   rC:        It protects you from cold.
   rN:        It protects you from negative energy.
   rCorr:     It protects you from acid and corrosion.
   Stlth:     It makes you more stealthy.
 X - a +2 pair of boots of rampaging (worn)
 Y - the +0 helmet "Cecam" (worn) {Will++ Int+3}
   (Okawaru gifted it to you in an ice cave)

   Int:       It affects your intelligence (+3).
   Will:      It greatly increases your willpower.
Magical Staves
 w - a staff of air
Jewellery
 p - the ring "Fugg" {rN+ Str+3 SInv}
   (You took it off a deep elf zephyrmancer on level 3 of the Elven Halls)

   [ring of see invisible]

   Str:       It affects your strength (+3).
   rN:        It protects you from negative energy.
   SInv:      It lets you see invisible.
 x - the ring "Vaor" (left hand) {Wiz *Slow rN+ Int+3 SInv}
   (You found it on level 3 of the Depths)

   [ring of wizardry]

   It improves your spell success rate.
   Int:       It affects your intelligence (+3).
   rN:        It protects you from negative energy.
   SInv:      It lets you see invisible.
   *Slow:     It may slow you when you take damage.
 D - the amulet "Guc Nauc" (around neck) {Fragile +Blink Regen+ rCorr}
   (You found it on level 3 of the Elven Halls)

   [amulet of regeneration]

   +Blink:    It lets you blink.
   Regen:     It increases your rate of health regeneration.
   rCorr:     It protects you from acid and corrosion.
   Fragile:   It will be destroyed if unequipped.
 K - the ring "Bufeack" {rElec rPois AC+4 Dex+3}
   (You took it off a deep elf pyromancer on level 3 of the Elven Halls)

   [ring of protection]

   AC:        It affects your AC (+4).
   Dex:       It affects your dexterity (+3).
   rElec:     It insulates you from electricity.
   rPois:     It protects you from poison.
 M - the ring of Vampiric Thralls {rElec rF++ AC+4 Int-2 Dex+2}
   (You found it in an ice cave)

   [ring of protection]

   AC:        It affects your AC (+4).
   Int:       It affects your intelligence (-2).
   Dex:       It affects your dexterity (+2).
   rF:        It greatly protects you from fire.
   rElec:     It insulates you from electricity.
 N - the ring "Huna Feu" (right hand) {rF+ Will+ Str+5 Dex+6}
   (You found it on level 5 of the Dungeon)

   [ring of dexterity]

   Str:       It affects your strength (+5).
   Dex:       It affects your dexterity (+6).
   rF:        It protects you from fire.
   Will:      It increases your willpower.
 Z - the ring "Ruruzigi" {rF+ rC+ Will- rCorr}
   (You found it on level 1 of the Vaults)

   [ring of resist corrosion]

   rF:        It protects you from fire.
   rC:        It protects you from cold.
   rCorr:     It protects you from acid and corrosion.
   Will:      It decreases your willpower.
Wands
 a - a wand of mindburst (45)
 c - a wand of acid (10)
 e - a wand of iceblast (14)
 v - a wand of digging (11)
 B - a wand of paralysis (19)
Scrolls
 k - 8 scrolls of fear
 A - 11 scrolls of blinking
 E - 9 scrolls of fog
 F - 14 scrolls of magic mapping
 H - 3 scrolls of holy word
 L - 18 scrolls of teleportation
 U - 4 scrolls of immolation
 W - 5 scrolls of vulnerability
Potions
 b - 13 potions of flight
 d - 7 potions of invisibility
 g - 17 potions of curing
 h - 5 potions of cancellation
 o - 11 potions of heal wounds
 t - 14 potions of haste
 u - 7 potions of might
 I - 9 potions of attraction
 P - 12 potions of brilliance
 Q - 2 potions of magic
 S - 12 potions of lignification
 T - a potion of resistance
 V - 12 potions of mutation
Miscellaneous
 f - a tin of tremorstones (inert)
 r - a phial of floods
 z - a condenser vane


   Skills:
 + Level 23.6 Fighting
 - Level 8.6(11.4) Short Blades
 - Level 12.7(14.0) Long Blades
 - Level 17.0 Maces & Flails
 - Level 4.0 Throwing
 - Level 18.0 Armour
 - Level 17.0 Dodging
 - Level 1.7 Stealth
 - Level 15.0 Shields
 - Level 16.0 Spellcasting
 * Level 15.3 Conjurations
 + Level 19.1 Air Magic
 - Level 12.0 Invocations
 - Level 11.0 Evocations


You had 32 spell levels left.
You knew the following spells:

 Your Spells              Type           Power      Damage    Failure   Level
a - Chain Lightning       Conj/Air       33%        3d44      71%         9
c - Lightning Bolt        Conj/Air       33%        1d50      1%          5
d - Swiftness             Air            69%        N/A       0%          3
e - Maxwell's Capacitive  Air            34%        ∞         2%          8

Your spell library contained the following spells:

 Spells                   Type           Power      Damage    Failure   Level
 Magic Dart               Conj           100%       1d8       0%          1
 Shock                    Conj/Air       100%       1d9       0%          1
 Searing Ray              Conj           100%       2d8       0%          2
 Static Discharge         Conj/Air       66%        N/A       0%          2
 Airstrike                Air            34%        N/A       0%          4
 Apportation              Tloc           28%        N/A       1%          1
 Freeze                   Ice            56%        1d7       1%          1
 Pain                     Necr           56%        1d6       1%          1
 Sandblast                Erth           28%        2d8       1%          1
 Slow                     Hex            56%        N/A       1%          1
 Sting                    Tmut/Pois      56%        1d5       1%          1
 Blink                    Tloc           28%        N/A       1%          2
 Corpse Rot               Necr/Air       94%        N/A       1%          2
 Ensorcelled Hibernation  Hex/Ice        28%        N/A       1%          2
 Passwall                 Tmut/Erth      11%        N/A       1%          2
 Poisonous Vapours        Pois/Air       94%        N/A       1%          2
 Sublimation of Blood     Necr           14%        N/A       1%          2
 Dazzling Flash           Conj/Hex       82%        N/A       1%          3
 Mephitic Cloud           Conj/Pois/Air  53%        N/A       1%          3
 Stone Arrow              Conj/Erth      82%        3d12      1%          3
 Fulminant Prism          Conj/Hex       20%        3d13      1%          4
 Hailstorm                Conj/Ice       41%        3d10      1%          4
 Iskenderun's Mystic Bla  Conj/Tloc      41%        2d9       1%          4
 Fireball                 Conj/Fire      20%        3d10      1%          5
 Freezing Cloud           Conj/Ice/Air   26%        6-21      1%          5
 Irradiate                Conj/Tmut      20%        3d20      1%          5
 Iskenderun's Battlesphe  Conj           62%        2d11      1%          5
 Silence                  Hex/Air        23%        N/A       1%          5
 Orb of Destruction       Conj           31%        9d12      1%          7
 Confusing Touch          Hex            14%        N/A       3%          3
 Frozen Ramparts          Ice            28%        1d4       3%          3
 Gell's Gravitas          Tloc           14%        N/A       3%          3
 Inner Flame              Hex/Fire       14%        N/A       3%          3
 Lesser Beckoning         Tloc           14%        N/A       3%          3
 Portal Projectile        Hex/Tloc       28%        N/A       3%          3
 Spider Form              Tmut/Pois      14%        N/A       3%          3
 Teleport Other           Tloc           14%        N/A       3%          3
 Vampiric Draining        Necr           14%        2d7       3%          3
 Iron Shot                Conj/Erth      20%        9d5       8%          6
 Starburst                Conj/Fire      20%        6d7       8%          6
 Cause Fear               Hex            7%         N/A       12%         4
 Ice Form                 Ice/Tmut       14%        N/A       12%         4
 Leda's Liquefaction      Hex/Erth       7%         N/A       12%         4
 Olgreb's Toxic Radiance  Pois           14%        N/A       12%         4
 Passage of Golubria      Tloc           14%        N/A       12%         4
 Petrify                  Tmut/Erth      14%        N/A       12%         4
 Storm Form               Tmut/Air       23%        N/A       21%         7
 Agony                    Necr           14%        N/A       32%         5
 Blade Hands              Tmut           7%         N/A       32%         5
 Excruciating Wounds      Necr           7%         N/A       32%         5
 Manifold Assault         Tloc           14%        N/A       32%         5
 Metabolic Englaciation   Hex/Ice        7%         N/A       32%         5
 Yara's Violent Unravell  Hex/Tmut       7%         3d5       32%         5
 Eringya's Noxious Bog    Tmut/Pois      7%         N/A       86%         6
 Statue Form              Tmut/Erth      9%         N/A       86%         6
 Lehudib's Crystal Spear  Conj/Erth      20%        10d6      97%         8
 Dragon Form              Tmut           7%         N/A       100%        7
 Ozocubu's Refrigeration  Ice            7%         4d6       100%        7
 Borgnjor's Revivificati  Necr           7%         N/A       100%        8
 Discord                  Hex            7%         N/A       100%        8
 Ignition                 Fire           7%         3d4       100%        8
 Fire Storm               Conj/Fire      20%        8d5       100%        9
 Polar Vortex             Ice            7%         N/A       100%        9
 Shatter                  Erth           7%         3d9*      100%        9
 Animate Skeleton         Necr           Unusable   N/A       N/A         1
 Summon Small Mammal      Summ           Unusable   N/A       N/A         1
 Call Imp                 Summ           Unusable   N/A       N/A         2
 Call Canine Familiar     Summ           Unusable   N/A       N/A         3
 Summon Guardian Golem    Hex/Summ       Unusable   N/A       N/A         3
 Tukima's Dance           Hex            Unusable   N/A       N/A         3
 Summon Ice Beast         Ice/Summ       Unusable   N/A       N/A         4
 Summon Forest            Summ/Tloc      Unusable   N/A       N/A         5
 Spellforged Servitor     Conj/Summ      Unusable   N/A       N/A         7
 Simulacrum               Ice/Necr       Unusable   N/A       N/A         6
 Summon Hydra             Summ           Unusable   N/A       N/A         7
 Dragon's Call            Summ           Unusable   N/A       N/A         9

Dungeon Overview and Level Annotations

Branches:
Dungeon (15/15)            Temple (1/1) D:5            Lair (6/6) D:8
  Swamp (4/4) Lair:2        Snake (4/4) Lair:3        Slime (5/5) Lair:5
    Orc (2/2) D:10            Elf (3/3) Orc:2        Vaults (5/5) D:13
  Crypt (3/3) Vaults:3       Tomb (0/3) Crypt:3      Depths (4/4) D:15
    Zot (0/5) Depths:4      Sewer (visited)         Ossuary (visited)
 Bailey (visited)           IceCv (visited)         Gauntlet (visited)

Altars:
Ashenzari
Cheibriados
Dithmenos
Elyvilon
Fedhas
Gozag
Hepliaklqana
Kikubaaqudgha
Makhleb
Nemelex Xobeh
Okawaru
Qazlal
Ru
Sif Muna
Trog
Uskayaw
Vehumet
Wu Jian
Xom
Yredelemnul
Zin
The Shining One
Beogh

Shops:
D:9 **?   D:11 (   D:14 *   Orc:1 [   Orc:2 :(!*   Elf:3 (   Snake:4 =:=
Vaults:1 !   Vaults:3 *[   Vaults:4 (   Depths:3 (!

Portals:
Hell: Depths:1 Depths:2 Depths:3 Depths:4
Abyss: Snake:3 Depths:3 Depths:4
Pandemonium: Depths:2
Ziggurat: Depths:1

Annotations:
Snake:3 2 transporters, Alysonec's ghost, adept MiCA
Elf:1 6 runed translucent doors


Innate Abilities, Weirdness & Mutations

You are amphibious.
You cover ground slowly.
You can hop long distances.
You have an extended range of vision and can be seen from far away.
You have sharp toenails.
You are somewhat resistant to further mutation.
You occasionally shout uncontrollably at your foes.
Your spells are a little easier to cast, but a little less powerful.


Message History

You feel very sick. The ghost moth stares at you.
You feel your power leaking away.
The entropy weaver hits you but does no damage.
The entropy weaver hits you.
* * * LOW HITPOINT WARNING * * *
The entropy weaver hits you but does no damage.
The entropy weaver hits you.
* * * LOW HITPOINT WARNING * * *
You feel very sick. The ghost moth hits you!
* * * LOW HITPOINT WARNING * * *
The ghost moth hits you but does no damage.
The ghost moth stings you.
* * * LOW HITPOINT WARNING * * *
The entropy weaver hits you!
* * * LOW HITPOINT WARNING * * *
The entropy weaver hits you.
* * * LOW HITPOINT WARNING * * *
The entropy weaver hits you but does no damage. x2
You feel very sick. The ghost moth completely misses you.
The ghost moth hits you but does no damage.
The ghost moth stings you.
* * * LOW HITPOINT WARNING * * *
You are lethally poisoned!
The ghost moth poisons you!
The entropy weaver hits you but does no damage. x2
The entropy weaver hits you.
* * * LOW HITPOINT WARNING * * *
The entropy weaver hits you.
* * * LOW HITPOINT WARNING * * *
The ghost moth stares at you.
You feel your power leaking away.
The ghost moth hits you but does no damage. x2
The ghost moth stings you.
* * * LOW HITPOINT WARNING * * *
You are more poisoned.
The ghost moth poisons you!
You die...

.. . ... . ##...#
.. . #.#.. ....#
'#...#....#
#.###...# . ##
#.##. . .##. # # #
. . ○##[. ..##. .
#
#..#.#°°#.##......
. ... . ...
○.#@y....... .#..
. ..
..#.B....#...# .
.. .
.........#.### .#
## . ####..#### .
#...# #..## . #..
#.## . . #. . . .
. ... .#


You could see a ghost moth (invisible) and an entropy weaver (fast, slow).

Vanquished Creatures
  the Royal Jelly (Slime:5)
  5 dread liches
  3 ancient liches
  Boris (twice) (Vaults:4 Depths:1)
  Margery (Crypt:1)
  Bai Suzhen (Depths:2)
  3 caustic shrikes (Depths:4)
  Xtahua (Vaults:4)
  A curse toe (Crypt:3)
  3 golden dragons
  Nikola (Swamp:4)
  the Enchantress (Depths:3)
  The ghost of SirDiesAlot the Hoplite, an adept MiHu of Okawaru (Vaults:1)
  2 bone dragons (Depths:4)
  Rupert (D:15)
  3 deep elf blademasters
  6 liches
  3 tentacled monstrosities
  Asterion (Elf:1)
  A walking frostbound tome (Depths:3)
  7 titans
  18 acid blobs
  2 quicksilver dragons
  2 deep elf master archers (Elf:3)
  2 tentacled starspawn (Abyss:3)
  6 ancient champions
  2 storm dragons
  5 thorn hunters
  2 shadow dragons
  Kirke (D:14)
  9 sphinxes
  4 tengu reavers
  A revenant (Crypt:2)
  8 nagarajas
  8 rockslimes
  10 azure jellies
  6 frost giants
  Aizul (Snake:2)
  15 vault wardens
  7 deep elf sorcerers
  2 iron dragons
  9 fire giants
  A balrug (Depths:2)
  3 orc warlords
  3 deep elf elementalists (Elf:3)
  A caustic shrike zombie (Crypt:3)
  2 curse skulls
  7 ghouls
  2 draconian shifters (Depths:4)
  17 ironbound preservers
  11 quicksilver oozes
  14 very ugly things
  13 stone giants
  2 war gargoyles
  2 spriggan defenders (Depths:3)
  A juggernaut skeleton (Crypt:3)
  A reaper (Crypt:2)
  11 deep elf demonologists
  A green draconian (Depths:4)
  6 vampire knights
  A bunyip (shapeshifter) (Vaults:5)
  3 eleionomae
  3 entropy weavers
  11 deep elf annihilators
  4 dire elephants (Vaults:3)
  A black draconian (Depths:4)
  5 bunyips
  A minotaur (Gauntlet)
  9 spark wasps
  A yellow draconian (Depths:4)
  The ghost of Hemag the Peltast, a journeyman MiBe of Trog (D:13)
  A crystal guardian (Vaults:4)
  11 deep elf death magi
  2 red draconians (Depths:4)
  Snorg (Lair:3)
  4 eidola
  A quicksilver dragon zombie (Depths:1)
  14 ettins
  7 fire dragons
  8 deep elf high priests
  8 jiangshi
  19 yaktaur captains
  8 great orbs of eyes
  9 ice dragons
  30 vault guards
  A fenstrider witch zombie (Crypt:1)
  Harold (D:7)
  11 ironbound frosthearts
  9 ironbound thunderhulks
  16 hydras
  21 naga warriors
  2 ogre magi (Vaults:5)
  5 salamander tyrants
  5 boulder beetles
  4 rakshasas
  4 ghost crabs
  4 death knights
  Erica (D:11)
  2 peacekeepers
  A catoblepas (D:15)
  8 centaur warriors
  3 spriggan air magi
  13 anacondas
  A deep troll shaman (Depths:4)
  2 tengu warriors
  5 two-headed ogres
  8 alligators
  37 dancing weapons
  7 death yaks
  5 vampire magi
  3 satyrs (Depths:3)
  9 deep troll earth magi
  13 naga sharpshooters
  A hell hog (Gauntlet)
  A titan zombie (Crypt:2)
  8 spriggan berserkers
  14 hell knights
  6 shock serpents
  4 soul eaters
  5 salamander mystics
  3 titan skeletons
  20 deep elf knights
  3 goliath frogs
  31 skeletal warriors
  A fire crab (shapeshifter) (Vaults:5)
  5 iron trolls
  2 sixfirhies (Depths:2)
  3 shadow wraiths
  43 deep trolls
  4 glowing orange brains
  3 swamp dragons
  6 flayed ghosts
  11 naga ritualists
  11 wizards
  3 bog bodies
  An orc knight (Orc:2)
  4 spriggan druids
  A golden dragon skeleton (Crypt:1)
  15 phantasmal warriors
  15 lindwurms
  6 harpies
  34 deep elf pyromancers
  30 deep elf zephyrmancers
  2 frost giant zombies
  15 ironbound convokers
  An orange crystal statue (Lair:1)
  13 necromancers
  11 deep elf archers
  47 ugly things
  A tengu zombie (Depths:3)
  A stone giant zombie (Vaults:2)
  3 sphinx skeletons
  A shining eye (shapeshifter) (Depths:4)
  A shadow dragon skeleton (Depths:1)
  3 manticores
  6 fauns (Depths:3)
  3 shining eyes
  15 mana vipers
  6 orc sorcerers
  23 salamanders
  5 cyclopes
  8 large abominations (Depths:3)
  A spriggan zombie (Crypt:3)
  3 tengu skeletons
  2 water nymphs (Depths:3)
  6 guardian serpents
  A guardian serpent (shapeshifter) (Elf:2)
  2 stone giant skeletons (Vaults:3)
  3 eyes of devastation
  An apocalypse crab (Abyss:3)
  39 black mambas
  A rust devil (Depths:2)
  An ice statue (IceCv)
  9 human skeletons
  21 vault sentinels
  13 naga magi
  A storm dragon simulacrum (Depths:3)
  14 cane toads
  2 gargoyles
  Psyche (D:8)
  A catoblepas zombie (Crypt:2)
  An orange demon (Depths:2)
  A grey draconian zombie (Crypt:2)
  A torpor snail (Lair:6)
  2 elf skeletons (Vaults:3)
  A sea snake zombie (Crypt:3)
  6 rime drakes
  13 yaktaurs
  2 unseen horrors (Depths:3)
  14 komodo dragons
  9 freezing wraiths
  A redback zombie (Crypt:3)
  A hellwing (Depths:2)
  A yaktaur zombie (Vaults:2)
  An alligator snapping turtle skeleton (Crypt:3)
  A green draconian skeleton (Crypt:2)
  A golden dragon simulacrum (Depths:3)
  A white draconian skeleton (Crypt:1)
  3 tengu conjurers
  A spriggan skeleton (Depths:1)
  13 polar bears
  An iron troll skeleton (Crypt:1)
  7 trolls
  4 tyrant leeches
  A guardian serpent zombie (Crypt:1)
  A jumping spider (Vaults:3)
  A hornet (shapeshifter) (D:15)
  A sea snake skeleton (Crypt:3)
  21 hornets
  A harpy skeleton (Crypt:3)
  Grinder (D:3)
  A death drake skeleton (Crypt:1)
  94 slime creatures
  30 blink frogs
  A boulder beetle zombie (Crypt:3)
  7 dream sheep (Lair:4)
  An ettin zombie (Crypt:3)
  A centaur simulacrum (Crypt:3)
  5 redbacks
  7 flying skulls
  32 spriggans
  3 ettin skeletons
  4 air elementals
  A tarantella (Vaults:2)
  A fire dragon skeleton (Crypt:2)
  A vampire (D:12)
  2 fire bats (Gauntlet)
  10 water elementals
  9 wraiths
  3 wyverns
  6 fire elementals
  Grum (D:8)
  A basilisk (shapeshifter) (Depths:4)
  8 basilisks
  A black mamba skeleton (Crypt:1)
  53 yaks
  5 golden eyes
  2 humans (D:14)
  A neqoxec (Depths:2)
  3 hogs (D:14)
  6 chaos spawn
  2 steam dragons
  16 vampire mosquitoes
  3 swamp worm simulacra (Swamp:4)
  Menkaure (D:7)
  22 swamp worms
  A faun zombie (Crypt:3)
  2 acid dragons
  49 nagas
  3 hell hounds (Gauntlet)
  11 wargs
  15 hydra simulacra (Swamp:4)
  15 water moccasins
  A floating eye (shapeshifter) (D:13)
  3 sky beasts (D:7)
  2 ice beasts
  34 orc warriors
  4 black bears
  2 swamp drakes
  9 necrophages
  12 ogres
  A spriggan simulacrum (Depths:1)
  4 boggarts (Lair:6)
  61 wolves
  4 small abominations
  15 centaurs
  A rime drake zombie (Crypt:3)
  A phantom (D:5)
  A fire crab zombie (Crypt:2)
  14 bullfrogs
  2 elf zombies (Ossuary)
  2 kobold brigands (D:9)
  2 gnoll sergeants
  5 scorpions
  A wyvern zombie (D:9)
  A salamander skeleton (Crypt:1)
  A water moccasin zombie (D:7)
  3 earth elementals
  A wyvern skeleton (D:7)
  4 killer bees (D:8)
  6 wights
  An electric eel (Lair:1)
  A howler monkey (D:8)
  6 centaur zombies
  4 crimson imps (D:13)
  22 orc priests
  5 hounds
  14 jellies
  A basilisk zombie (Crypt:3)
  3 gnoll shamans
  8 human zombies
  2 bullfrog skeletons
  2 centaur skeletons
  Jessica (D:2)
  Terence (D:2)
  An iguana (D:6)
  2 merfolk sirens (Sewer)
  54 orc wizards
  A merfolk avatar (Sewer)
  A killer bee zombie (D:9)
  An ogre zombie (Crypt:3)
  A hound skeleton (D:4)
  3 mummies (Ossuary)
  3 howler monkey zombies
  11 adders
  33 gnolls
  5 river rats
  3 shadow imps
  17 white imps
  3 ufetubi
  5 swamp drake simulacra (Swamp:4)
  An adder skeleton (D:4)
  A lava snake skeleton (Crypt:1)
  2 worms
  3 dart slugs
  115 orcs
  4 bats
  10 endoplasms
  3 giant cockroaches
  16 goblins
  7 hobgoblins
  11 jackals
  7 quokkas
  3 training dummies (Elf:3)
  10 ball pythons
  6 frilled lizards
  25 kobolds
  A quokka skeleton (Crypt:3)
  24 rats
  A fire vortex (Depths:3)
  2 starspawn tentacles (Abyss:3)
2428 creatures vanquished.

Vanquished Creatures (others)
  A fire giant (Vaults:5)
  A slime creature (Vaults:2)
  A dancing weapon (Elf:2)
  2 deep elf knights (Elf:2)
  A wizard (Vaults:1)
  A deep elf zephyrmancer (Elf:2)
  A will-o-the-wisp (Swamp:2)
  A black mamba (Snake:2)
  A guardian serpent (Snake:3)
  2 bloated husks (Swamp:2)
  A tyrant leech (Swamp:2)
  A naga (Snake:4)
  A swamp worm (Swamp:4)
  An orc wizard (Orc:2)
  An orc (Orc:2)
  A briar patch (Depths:3)
  3 foxfires (Swamp:2)
  42 fungi
  98 plants
  5 starspawn tentacles (Abyss:3)
166 creatures vanquished.

Grand Total: 2594 creatures vanquished

Notes
Turn   | Place    | Note
-------+----------+-------------------------------------------
     0 | D:1      | miscthings the Barachi Monk began the quest for the Orb.
     0 | D:1      | Reached XP level 1. HP: 18/18 MP: 1/1
   210 | D:1      | Found a faded altar of an unknown god.
   415 | D:1      | Reached XP level 2. HP: 24/24 MP: 2/2
  1067 | D:2      | Reached XP level 3. HP: 29/29 MP: 3/3
  1091 | D:2      | Reached skill level 5 in Long Blades
  1130 | D:2      | Noticed Terence
  1154 | D:2      | Killed Terence
  1159 | D:2      | Reached XP level 4. HP: 20/36 MP: 4/4
  1594 | D:3      | Found a glowing drain.
  1735 | Sewer    | Entered a sewer
  1753 | Sewer    | Reached XP level 5. HP: 15/41 MP: 5/5
  2523 | Sewer    | Reached XP level 6. HP: 36/47 MP: 6/6
  3288 | D:2      | Reached skill level 1 in Short Blades
  3456 | D:2      | Noticed Jessica
  3470 | D:2      | Killed Jessica
  3471 | D:2      | Reached skill level 1 in Throwing
  3594 | D:3      | Noticed Grinder
  3605 | D:3      | Paralysed by Grinder for 2 turns
  3617 | D:3      | Killed Grinder
  3618 | D:3      | Reached XP level 7. HP: 33/52 MP: 7/7
  4057 | D:3      | Found a faded altar of an unknown god.
  4060 | D:3      | Found a sacrificial altar of Ru.
  4600 | D:4      | Reached skill level 5 in Short Blades
  4799 | D:4      | Found a sand-covered staircase.
  4809 | Ossuary  | Entered an ossuary
  4831 | Ossuary  | Reached XP level 8. HP: 56/59 MP: 8/8
  6481 | D:5      | Entered Level 5 of the Dungeon
  6584 | D:5      | Reached skill level 1 in Armour
  6584 | D:5      | Reached skill level 1 in Shields
  6584 | D:5      | Reached skill level 1 in Evocations
  6600 | D:4      | Reached skill level 4 in Fighting
  6625 | D:5      | Found a staircase to the Ecumenical Temple.
  6634 | Temple   | Entered the Ecumenical Temple
  6787 | D:5      | Reached XP level 9. HP: 65/65 MP: 9/9
  6823 | D:5      | Identified the ring "Huna Feu" {rF+ Will+ Str+5 Dex+6}
  7907 | D:5      | Reached skill level 5 in Fighting
  8284 | D:6      | Found an iron altar of Okawaru.
  8288 | D:6      | Became a worshipper of Warmaster Okawaru
  8288 | D:6      | Reached * piety under Okawaru
  8288 | D:6      | Reached ** piety under Okawaru
  8505 | D:6      | Reached skill level 1 in Invocations
  8519 | D:6      | Reached skill level 5 in Dodging
  9093 | D:7      | Noticed Menkaure
  9300 | D:6      | Reached XP level 10. HP: 23/76 MP: 11/11
  9795 | D:7      | Killed Menkaure
  9796 | D:7      | Reached skill level 6 in Fighting
 10179 | D:7      | Reached skill level 5 in Armour
 10696 | D:7      | Found a large runed translucent door.
 10697 | D:7      | Found a large runed translucent door.
 10731 | D:7      | Found an ornate altar of the Wu Jian Council.
 10816 | D:7      | Noticed Harold
 10830 | D:7      | Reached *** piety under Okawaru
 10856 | D:7      | Killed Harold
 10857 | D:7      | Reached skill level 5 in Evocations
 10882 | D:7      | Reached skill level 7 in Fighting
 10890 | D:7      | Reached **** piety under Okawaru
 11533 | D:7      | Found a hide-covered altar of Uskayaw.
 11543 | D:7      | Found a shadowy altar of Dithmenos.
 11618 | D:8      | Noticed Psyche
 11620 | D:8      | Killed Psyche
 11621 | D:8      | Reached XP level 11. HP: 84/84 MP: 12/14
 11648 | D:8      | Noticed Grum
 11687 | D:8      | Killed Grum
 11687 | D:8      | Received a gift from Okawaru
 12019 | D:8      | Found a staircase to the Lair.
 12526 | D:9      | Found Zejadall's Magic Scroll Boutique.
 12529 | D:9      | Bought a scroll of blinking for 97 gold pieces
 12547 | D:9      | Found Gozoh's Assorted Antiques.
 12727 | D:9      | Bought a pair of glowing gloves for 225 gold pieces
 12727 | D:9      | Bought a metallic inky potion for 27 gold pieces
 12750 | D:9      | Found Vich's Assorted Antiques.
 13079 | D:9      | Found Buopn's Antique Weapon Boutique.
 13302 | D:9      | Noticed a two-headed ogre
 13315 | D:9      | Killed a two-headed ogre
 13316 | D:9      | Reached skill level 8 in Fighting
 13484 | D:9      | Noticed a skeletal warrior
 13619 | D:9      | Noticed a manticore
 13629 | D:9      | Killed a manticore
 13629 | D:9      | Reached ***** piety under Okawaru
 13643 | D:9      | Noticed a two-headed ogre
 13683 | D:9      | Killed a two-headed ogre
 13683 | D:9      | Received a gift from Okawaru
 13914 | D:9      | Killed a skeletal warrior
 13915 | D:9      | Reached skill level 5 in Shields
 13915 | D:9      | Reached skill level 5 in Invocations
 14042 | Lair:1   | Entered Level 1 of the Lair of Beasts
 14487 | D:8      | HP: 4/87 [blink frog (5)]
 15099 | Lair:1   | Reached XP level 12. HP: 49/94 MP: 16/16
 15180 | Lair:1   | Reached skill level 9 in Fighting
 16041 | Lair:1   | HP: 4/95 [blink frog (14)]
 17421 | Lair:2   | Received a gift from Okawaru
 17467 | Lair:2   | Found a staircase to the Swamp.
 18912 | Lair:3   | Found a staircase to the Snake Pit.
 18923 | Lair:3   | Noticed a seven-headed hydra
 18929 | Lair:3   | Killed a seven-headed hydra
 18989 | Lair:3   | Reached skill level 10 in Fighting
 19019 | Lair:3   | You fall into a shaft and drop 1 floor!
 19070 | Lair:4   | Noticed an eight-headed hydra
 19260 | Lair:4   | Found a frozen archway.
 19472 | IceCv    | Entered an ice cave
 19549 | IceCv    | Gained mutation: You can hop long distances. [Barachi
                  | growth]
 19549 | IceCv    | Reached XP level 13. HP: 61/103 MP: 16/18
 20352 | IceCv    | Identified the +0 helmet "Cecam" {Will++ Int+3} (Okawaru
                  | gifted it to you in an ice cave)
 20352 | IceCv    | Received a gift from Okawaru
 20385 | IceCv    | Reached skill level 10 in Armour
 20562 | IceCv    | Identified the ring of Vampiric Thralls {rElec rF++ AC+4
                  | Int-2 Dex+2}
 21489 | IceCv    | Reached skill level 10 in Dodging
 21561 | IceCv    | Reached skill level 11 in Fighting
 22094 | IceCv    | Reached skill level 1 in Maces & Flails
 22295 | Lair:4   | Noticed a fire dragon
 22295 | Lair:4   | an eight-headed hydra changed into a fire dragon
 22313 | Lair:4   | Killed a fire dragon
 22924 | Lair:4   | Reached skill level 5 in Maces & Flails
 23756 | Lair:3   | Noticed Snorg
 23764 | Lair:3   | Killed Snorg
 23934 | Lair:3   | Reached XP level 14. HP: 100/113 MP: 14/19
 24271 | Lair:3   | Received a gift from Okawaru
 24698 | Lair:5   | Found a staircase to the Slime Pits.
 24926 | Lair:5   | Gained mutation: You are frail. (-10% HP) [potion of
                  | mutation]
 24927 | Lair:5   | Lost mutation: You are frail. (-10% HP) [potion of
                  | mutation]
 24927 | Lair:5   | Gained mutation: You tend to lose your temper in combat.
                  | [potion of mutation]
 24927 | Lair:5   | Gained mutation: You are partially covered in iridescent
                  | scales. (AC +2) [potion of mutation]
 24927 | Lair:5   | Gained mutation: Your spells are a little harder to cast,
                  | but a little more powerful. [potion of mutation]
 24928 | Lair:5   | Lost mutation: You are partially covered in iridescent
                  | scales. (AC +2) [potion of mutation]
 24928 | Lair:5   | Lost mutation: You tend to lose your temper in combat.
                  | [potion of mutation]
 24928 | Lair:5   | Gained mutation: You sometimes lose the ability to read
                  | scrolls when taking damage. [potion of mutation]
 24928 | Lair:5   | Gained mutation: You have an increased reservoir of magic.
                  | (+10% MP) [potion of mutation]
 25013 | Lair:5   | Received a gift from Okawaru
 25014 | Lair:5   | Reached skill level 10 in Maces & Flails
 25147 | Lair:5   | Lost mutation: You have an increased reservoir of magic.
                  | (+10% MP) [potion of mutation]
 25147 | Lair:5   | Lost mutation: You sometimes lose the ability to read
                  | scrolls when taking damage. [potion of mutation]
 25147 | Lair:5   | Gained mutation: You have a pair of small horns on your
                  | head. [potion of mutation]
 25147 | Lair:5   | Gained mutation: Your magical capacity is low. (-10% MP)
                  | [potion of mutation]
 25147 | Lair:5   | Gained mutation: You are frail. (-10% HP) [potion of
                  | mutation]
 25698 | Lair:6   | Entered Level 6 of the Lair of Beasts
 25940 | Lair:6   | Found a gate leading to a gauntlet.
 25950 | Gauntlet | Entered a Gauntlet
 25950 | Gauntlet | Found a transporter.
 25952 | Gauntlet | Found a transporter.
 25953 | Gauntlet | Found a transporter.
 25954 | Gauntlet | Found a transporter.
 25957 | Gauntlet | Found a transporter.
 25958 | Gauntlet | Found a transporter.
 25961 | Gauntlet | Noticed a reaper
 25966 | Gauntlet | Found a transporter.
 25968 | Gauntlet | Found a transporter.
 25986 | Gauntlet | Found a transporter.
 26003 | Gauntlet | Found a transporter.
 26007 | Gauntlet | Found a transporter.
 26015 | Gauntlet | Found a transporter.
 26061 | Gauntlet | Noticed a storm dragon
 26064 | Gauntlet | a storm dragon changed into a death yak
 26076 | Gauntlet | Noticed a quicksilver ooze
 26078 | Gauntlet | a quicksilver ooze changed into a spark wasp
 26082 | Gauntlet | Noticed an entropy weaver
 26082 | Gauntlet | a spark wasp changed into an entropy weaver
 26085 | Gauntlet | an entropy weaver changed into an alligator
 26179 | Gauntlet | Lost mutation: You are frail. (-10% HP) [potion of
                  | mutation]
 26179 | Gauntlet | Lost mutation: Your spells are a little harder to cast, but
                  | a little more powerful. [potion of mutation]
 26179 | Gauntlet | Lost mutation: Your magical capacity is low. (-10% MP)
                  | [potion of mutation]
 26179 | Gauntlet | Gained mutation: Your spells are a little easier to cast,
                  | but a little less powerful. [potion of mutation]
 26179 | Gauntlet | Gained mutation: Your flesh is heat resistant. (rF+)
                  | [potion of mutation]
 26180 | Gauntlet | Identified the +0 pair of gloves of Courage {rF+++ rC-
                  | rCorr SInv}
 26316 | Gauntlet | Got Qiwnu's Papyrus of Evil Secrets
 26340 | Lair:6   | Lost mutation: Your flesh is heat resistant. (rF+) [potion
                  | of mutation]
 26340 | Lair:6   | Lost mutation: You have a pair of small horns on your head.
                  | [potion of mutation]
 26340 | Lair:6   | Gained mutation: You have sharp toenails. [potion of
                  | mutation]
 26663 | Lair:6   | Reached skill level 10 in Evocations
 26769 | Lair:6   | Reached ****** piety under Okawaru
 26769 | Lair:6   | Identified the +0 ring mail of Contentment {Regen+}
                  | (Okawaru gifted it to you on level 6 of the Lair of Beasts)
 26769 | Lair:6   | Received a gift from Okawaru
 26864 | Lair:6   | Reached XP level 15. HP: 119/119 MP: 18/20
 27692 | D:10     | Entered Level 10 of the Dungeon
 27821 | D:10     | Found a glowing golden altar of the Shining One.
 28200 | D:10     | Found a staircase to the Orcish Mines.
 28521 | D:11     | Noticed Erica
 28532 | D:11     | Killed Erica
 28604 | D:11     | Found Garhifu's Antique Weapon Shoppe.
 28668 | D:11     | Found a flagged portal.
 28678 | Bailey   | Entered a bailey
 28682 | Bailey   | Noticed an orc warlord
 28749 | Bailey   | Found a runed translucent gate.
 28750 | Bailey   | Found a runed translucent gate.
 28757 | Bailey   | Found a runed translucent gate.
 28807 | Bailey   | Acquired 1116 gold pieces
 28967 | Bailey   | Killed an orc warlord
 28987 | Bailey   | Reached skill level 12 in Fighting
 28987 | Bailey   | Reached XP level 16. HP: 127/127 MP: 17/22
 28998 | D:11     | Acquired the +0 kite shield of a Gauntlet {*Slow rElec
                  | rPois rCorr}
 29123 | D:11     | Found a blossoming altar of Fedhas.
 29634 | D:12     | Received a gift from Okawaru
 29743 | D:12     | Identified the +6 mace of the Wizarding Traitor {freeze,
                  | rPois SInv}
 29766 | D:12     | Noticed Nessos
 29768 | D:12     | Noticed Nessos
 29768 | D:12     | Nessos changed into Nessos the manticore
 29777 | D:12     | Killed Nessos the manticore
 30045 | D:13     | Identified the +5 falchion "Aubergine" {holy, rF+}
 30127 | D:13     | Found a runed translucent gate.
 30128 | D:13     | Found a runed translucent gate.
 30137 | D:13     | Found a runed translucent gate.
 30137 | D:13     | Noticed Hemag's ghost (journeyman MiBe)
 30182 | D:13     | Received a gift from Okawaru
 30218 | D:13     | Killed Hemag's ghost
 30219 | D:13     | Reached skill level 10 in Shields
 30256 | D:13     | Identified the +2 scale mail of the Stars {rF++}
 30449 | D:13     | Found a shimmering altar of Xom.
 30672 | D:13     | Found a gate to the Vaults.
 30916 | D:14     | Learned a level 3 spell: Swiftness
 30925 | D:14     | Learned a level 8 spell: Maxwell's Capacitive Coupling
 30999 | D:14     | Noticed Kirke
 31033 | D:14     | Killed Kirke
 31082 | D:14     | Found Etoydecs's General Store.
 31105 | D:14     | Bought a scroll of identify for 30 gold pieces
 31232 | D:14     | Reached skill level 1 in Air Magic
 31243 | D:14     | Reached skill level 1 in Spellcasting
 31461 | D:14     | Reached skill level 13 in Fighting
 31614 | D:15     | Entered Level 15 of the Dungeon
 31641 | D:15     | Noticed Rupert
 31652 | D:15     | Killed Rupert
 31657 | D:15     | Reached XP level 17. HP: 136/136 MP: 21/23
 31836 | D:15     | Received a gift from Okawaru
 32344 | D:15     | Found a staircase to the Depths.
 32663 | Orc:1    | Entered Level 1 of the Orcish Mines
 32867 | Orc:1    | Found Awuaneps's Antique Armour Shop.
 32868 | Orc:1    | Received a gift from Okawaru
 32919 | Orc:1    | Bought a steaming plate armour for 784 gold pieces
 32919 | Orc:1    | Identified the +8 plate armour of Cifole {-Cast Harm
                  | Rampage rF+++} (You bought it in a shop on level 1 of the
                  | Orcish Mines)
 33133 | Orc:2    | Entered Level 2 of the Orcish Mines
 33323 | Orc:2    | Noticed Sonja
 33335 | Orc:2    | Noticed Sonja
 33335 | Orc:2    | Sonja changed into Sonja the rime drake
 33352 | Orc:1    | Killed Sonja the rime drake
 33451 | Orc:1    | You fall into a shaft and drop 1 floor!
 33550 | Orc:2    | Found Nick's General Store.
 33550 | Orc:2    | Found Yrilurgh's Distillery.
 33687 | Orc:2    | Found a staircase to the Elven Halls.
 33732 | Orc:2    | Found Wiafux's Book Boutique.
 33732 | Orc:2    | Found Neore's Weapon Emporium.
 33933 | Orc:2    | Bought a scroll of teleportation for 54 gold pieces
 33956 | Orc:2    | Bought a potion of mutation for 112 gold pieces
 33956 | Orc:2    | Bought a potion of lignification for 42 gold pieces
 33956 | Orc:2    | Bought a potion of might for 56 gold pieces
 34479 | Snake:1  | Entered Level 1 of the Snake Pit
 35151 | Snake:1  | Received a gift from Okawaru
 36125 | Snake:2  | Noticed Aizul
 36161 | Snake:2  | Killed Aizul
 36263 | Snake:2  | Reached skill level 10 in Invocations
 36508 | Snake:2  | Reached skill level 5 in Air Magic
 36557 | Snake:1  | Reached skill level 14 in Fighting
 36899 | Snake:2  | Reached XP level 18. HP: 102/146 MP: 18/25
 36904 | Snake:2  | Reached skill level 5 in Spellcasting
 36989 | Snake:2  | Received a gift from Okawaru
 37347 | Snake:2  | Received a gift from Okawaru
 37897 | Snake:3  | Found a transporter.
 37901 | Snake:3  | Found a one-way gate to the infinite horrors of the Abyss.
 37901 | Snake:3  | Noticed Alysonec's ghost (adept MiCA)
 38350 | Snake:3  | Found a transporter.
 38493 | Snake:3  | Identified the +2 buckler "Qeothisch" {Str+6 Dex-5}
                  | (Okawaru gifted it to you on level 3 of the Snake Pit)
 38493 | Snake:3  | Received a gift from Okawaru
 39289 | Snake:4  | Entered Level 4 of the Snake Pit
 39601 | Snake:4  | Found Ummell's Jewellery Boutique.
 39602 | Snake:4  | Found Taxt's Book Shoppe.
 39603 | Snake:4  | Found Uryot's Jewellery Boutique.
 39613 | Snake:4  | Bought an amulet of regeneration for 390 gold pieces
 40171 | Snake:4  | Reached skill level 15 in Fighting
 40304 | Snake:4  | Reached XP level 19. HP: 137/155 MP: 23/29
 40408 | Snake:4  | Received a gift from Okawaru
 40942 | Snake:4  | Got a serpentine rune of Zot
 41348 | Swamp:1  | Entered Level 1 of the Swamp
 41565 | Swamp:1  | Reached skill level 15 in Armour
 43165 | Swamp:4  | Entered Level 4 of the Swamp
 43177 | Swamp:4  | Received a gift from Okawaru
 43249 | Swamp:4  | Noticed Nikola
 43292 | Swamp:4  | Killed Nikola
 44046 | Swamp:4  | Got a decaying rune of Zot
 44341 | Elf:1    | Entered Level 1 of the Elven Halls
 44530 | Elf:1    | Noticed Asterion
 44538 | Elf:1    | Identified the +7 short sword of the Hero {freeze, rF+
                  | Will+ Int+3}
 44549 | Elf:1    | Reached XP level 20. HP: 129/164 MP: 32/32
 44550 | Elf:1    | Noticed a Brimstone Fiend
 44552 | Elf:1    | Killed Asterion
 44561 | Elf:1    | Reached skill level 16 in Fighting
 44623 | Elf:1    | Found a runed translucent gate.
 44623 | Elf:1    | Found a runed translucent gate.
 44623 | Elf:1    | Found a runed translucent gate.
 44623 | Elf:1    | Found a runed translucent gate.
 44623 | Elf:1    | Found a runed translucent gate.
 44624 | Elf:1    | Found a runed translucent gate.
 44795 | Elf:1    | Identified the +3 leather armour "Aniobih" {rN+}
 45408 | Elf:2    | Reached skill level 15 in Dodging
 45435 | Elf:2    | Identified the +2 dagger of Uncomfortable Rashes {speed,
                  | rCorr} (Okawaru gifted it to you on level 2 of the Elven
                  | Halls)
 45435 | Elf:2    | Received a gift from Okawaru
 45761 | Elf:2    | Found a runed translucent gate.
 45767 | Elf:2    | Found a runed translucent gate.
 45767 | Elf:2    | Found a runed translucent gate.
 45906 | Elf:2    | Reached skill level 10 in Air Magic
 46243 | Elf:2    | Acquired the +1 hat "Dydasei" {rPois rF- rN+++}
 46303 | Elf:3    | Entered Level 3 of the Elven Halls
 46425 | Elf:3    | Found Qiyhihur's Firing Range.
 46457 | Elf:3    | Bought a throwing net for 30 gold pieces
 46893 | Elf:3    | Paralysed by an air elemental for 1 turns
 46901 | Elf:3    | Paralysed by an air elemental for 1 turns
 46908 | Elf:3    | Identified the +3 lajatang of the End {drain, rC+ rCorr}
                  | (Okawaru gifted it to you on level 3 of the Elven Halls)
 46908 | Elf:3    | Received a gift from Okawaru
 46909 | Elf:3    | Reached XP level 21. HP: 47/173 MP: 34/34
 47313 | Elf:3    | Identified the +4 mace of Hioptaoqol {freeze, Dex+3}
 47326 | Elf:3    | Identified the ring "Bufeack" {rElec rPois AC+4 Dex+3}
 47367 | Elf:3    | Received a gift from Okawaru
 47388 | Elf:3    | Reached skill level 17 in Fighting
 47391 | Elf:3    | Reached skill level 10 in Spellcasting
 47412 | Elf:3    | Identified the +9 long sword of Reapportionment {vorpal,
                  | Int+5 Dex-3 SInv Stlth-}
 47412 | Elf:3    | Identified the ring "Fugg" {rN+ Str+3 SInv}
 47418 | Elf:3    | Identified the +3 flail of Iforuin {holy, rF+ Will+ Stlth-}
 47425 | Elf:3    | Identified the +8 short sword of the Dead {vorpal, *Noise
                  | rPois Will+ rCorr}
 47428 | Elf:3    | Identified the +9 scythe of Benevolence {drain, *Rage Fly
                  | Str+2}
 47456 | Elf:3    | HP: 5/153 [deep elf death mage (16)]
 47456 | Elf:3    | HP: 1/148 [deep elf death mage (4)]
 47466 | Elf:3    | Received a gift from Okawaru
 47647 | Elf:3    | Identified the +6 hand crossbow "Olateegu" {elec, Dex+4}
 47649 | Elf:3    | Identified the +1 scale mail "Rinlack" {Rampage rF- Int+9
                  | SInv}
 47713 | Elf:3    | Got The Compendium of Greatest Risks and Utility
 47725 | Elf:3    | Identified the amulet "Guc Nauc" {Fragile +Blink Regen+
                  | rCorr}
 47740 | Elf:3    | Identified the +0 cloak of the Sky {Harm rPois Dex+5}
 47742 | Elf:3    | Got the Guide on Nocuous Beguiling
 48129 | Vaults:1 | Entered Level 1 of the Vaults
 48779 | Vaults:1 | Reached skill level 15 in Shields
 48878 | Vaults:1 | Found Noaf's Distillery.
 48879 | Vaults:1 | Acquired 595 gold pieces
 48893 | Vaults:1 | Bought a potion of lignification for 48 gold pieces
 48893 | Vaults:1 | Bought a potion of invisibility for 128 gold pieces
 48893 | Vaults:1 | Bought a potion of heal wounds for 80 gold pieces
 48893 | Vaults:1 | Bought a potion of mutation for 128 gold pieces
 48893 | Vaults:1 | Bought a potion of brilliance for 64 gold pieces
 48893 | Vaults:1 | Bought a potion of curing for 48 gold pieces
 49258 | Vaults:1 | Found a runed translucent gate.
 49258 | Vaults:1 | Found a runed translucent gate.
 49258 | Vaults:1 | Found a runed translucent gate.
 49258 | Vaults:1 | Found an ancient bone altar of Kikubaaqudgha.
 49258 | Vaults:1 | Noticed SirDiesAlot's ghost (adept MiHu)
 49258 | Vaults:1 | Noticed a dread lich
 49297 | Vaults:1 | Received a gift from Okawaru
 49340 | Vaults:1 | Killed a dread lich
 49348 | Vaults:1 | Killed SirDiesAlot's ghost
 49357 | Vaults:1 | Identified the ring "Ruruzigi" {rF+ rC+ Will- rCorr}
 49369 | Vaults:1 | Identified the -3 pair of boots of Tender Moments {Drain
                  | rN+ Str+4}
 50064 | Vaults:2 | Reached XP level 22. HP: 176/183 MP: 33/37
 50289 | Vaults:2 | Reached skill level 18 in Fighting
 50430 | Vaults:2 | Acquired 781 gold pieces
 51422 | Vaults:3 | Found Poto's Assorted Antiques.
 51429 | Vaults:3 | Acquired 848 gold pieces
 51435 | Vaults:3 | Bought a scroll of blinking for 247 gold pieces
 51774 | Vaults:3 | Found a staircase to the Crypt.
 51997 | Vaults:3 | Received a gift from Okawaru
 52349 | Vaults:3 | Received a gift from Okawaru
 52657 | Vaults:3 | Found Qaetusiwk's Armour Emporium.
 52674 | Vaults:3 | Reached skill level 19 in Fighting
 53115 | Vaults:4 | Received a gift from Okawaru
 53143 | Vaults:4 | Found Qoqooplo's Antique Weapon Shoppe.
 53215 | Vaults:4 | Noticed Xtahua
 53228 | Vaults:4 | Killed Xtahua
 53504 | Vaults:4 | Reached XP level 23. HP: 174/194 MP: 39/39
 53976 | Vaults:4 | Reached skill level 10 in Long Blades
 54087 | Vaults:4 | Noticed Boris
 54107 | Vaults:4 | Killed Boris
 54180 | Vaults:4 | Received a gift from Okawaru
 54437 | Vaults:5 | Entered Level 5 of the Vaults
 54446 | Vaults:5 | Noticed a golden dragon
 54449 | Arena    | Entered the Arena
 54495 | Vaults:5 | Killed a golden dragon
 54505 | Vaults:5 | Got a silver rune of Zot
 54533 | Vaults:5 | Learned a level 5 spell: Lightning Bolt
 54573 | Vaults:5 | Noticed an ancient lich
 54585 | Vaults:5 | Killed an ancient lich
 54644 | Arena    | Entered the Arena
 54694 | Vaults:5 | Noticed a dread lich
 54731 | Vaults:5 | Gained mutation: You occasionally shout uncontrollably at
                  | your foes. [a cacodemon]
 54741 | Vaults:5 | Gained mutation: You are somewhat resistant to further
                  | mutation. [a cacodemon]
 54747 | Vaults:5 | Killed a dread lich
 55107 | Vaults:5 | Identified the +4 hand crossbow of Abuse {venom, MP+9 Int+4
                  | Stlth+}
 55134 | Vaults:5 | Identified the ring "Cuocanup" {rF+ EV+4 Dex-5 Stlth+}
 55177 | Vaults:5 | Reached skill level 20 in Fighting
 55324 | Vaults:5 | Noticed a golden dragon
 55346 | Vaults:5 | Killed a golden dragon
 55362 | Vaults:5 | Reached skill level 15 in Air Magic
 55434 | Vaults:5 | Noticed a dread lich
 55472 | Vaults:5 | Identified the +9 lajatang "Nour" {vamp, rElec rC- MP+9
                  | SInv}
 55487 | Vaults:4 | Killed a dread lich
 55591 | Vaults:5 | Received a gift from Okawaru
 55603 | Vaults:5 | Noticed an ancient lich
 55955 | Vaults:5 | Killed an ancient lich
 55999 | Vaults:5 | Received a gift from Okawaru
 56248 | Vaults:5 | Reached XP level 24. HP: 144/206 MP: 41/41
 56641 | Vaults:5 | Reached skill level 21 in Fighting
 56881 | Vaults:5 | Got the Papyrus of Gliding Fire
 57477 | Orc:2    | Bought a book of Annihilations for 840 gold pieces
 57593 | Elf:3    | Learned a level 9 spell: Chain Lightning
 57994 | Slime:1  | Entered Level 1 of the Pits of Slime
 58038 | Slime:1  | Reached skill level 1 in Conjurations
 58146 | Slime:1  | Reached skill level 15 in Spellcasting
 58256 | Slime:3  | Received a gift from Okawaru
 58648 | Slime:3  | Received a gift from Okawaru
 58827 | Slime:5  | Entered Level 5 of the Pits of Slime
 59081 | Slime:5  | Noticed the Royal Jelly
 59082 | Slime:5  | Reached skill level 5 in Conjurations
 59123 | Slime:5  | Killed the Royal Jelly
 59483 | Slime:5  | Got a slimy rune of Zot
 60024 | Depths:1 | Entered Level 1 of the Depths
 60199 | Depths:1 | Noticed Boris
 60540 | Depths:1 | Killed Boris
 60642 | Depths:1 | Identified the +3 rapier of Purpose {vorpal, rElec}
                  | (Okawaru gifted it to you on level 1 of the Depths)
 60642 | Depths:1 | Received a gift from Okawaru
 60677 | Depths:1 | Reached XP level 25. HP: 216/216 MP: 42/42
 60763 | Depths:1 | Found a gateway to a ziggurat.
 60914 | Depths:1 | Found a gateway to Hell.
 61385 | Depths:1 | Reached skill level 22 in Fighting
 61579 | Depths:2 | Noticed Bai Suzhen
 61607 | Depths:2 | Killed Bai Suzhen
 61698 | Depths:2 | Received a gift from Okawaru
 61756 | Depths:2 | Found a one-way gate leading to the halls of Pandemonium.
 62093 | Depths:2 | Identified the +4 tower shield of the Old World {Will+
                  | Str+3 Int+5} (Okawaru gifted it to you on level 2 of the
                  | Depths)
 62093 | Depths:2 | Received a gift from Okawaru
 62781 | Depths:3 | Reached skill level 10 in Conjurations
 63048 | Depths:3 | Noticed the Enchantress
 63072 | Depths:3 | Killed the Enchantress
 63178 | Depths:3 | Identified the +0 helmet of the Moon {rElec rCorr Dex+3}
 63185 | Depths:3 | Identified the ring "Vaor" {Wiz *Slow rN+ Int+3 SInv}
 63255 | Depths:3 | Found Focu's Antique Weapon Shoppe.
 63256 | Depths:3 | Found Miasesm's Distillery.
 63305 | Depths:3 | Bought a potion of lignification for 57 gold pieces
 63305 | Depths:3 | Bought a potion of brilliance for 76 gold pieces
 63305 | Depths:3 | Bought a potion of curing for 57 gold pieces
 63891 | Depths:3 | Reached skill level 15 in Maces & Flails
 64106 | Depths:4 | Entered Level 4 of the Depths
 64755 | Depths:4 | Found a gate to the Realm of Zot.
 64813 | Depths:4 | Reached XP level 26. HP: 139/226 MP: 43/43
 65638 | Crypt:1  | Entered Level 1 of the Crypt
 65861 | Crypt:1  | Noticed Margery
 66033 | Crypt:1  | Identified the ring of Yptussum {MP+9 Str+3 Slay+2}
 66136 | Crypt:1  | Identified the +0 scale mail of Quantum Leap {Dex+7}
 66311 | Crypt:1  | Killed Margery
 66457 | Crypt:1  | Identified the +6 tower shield "Imu Kang" {rCorr SInv
                  | Stlth-} (Okawaru gifted it to you on level 1 of the Crypt)
 66457 | Crypt:1  | Received a gift from Okawaru
 67015 | Crypt:2  | Reached skill level 23 in Fighting
 67849 | Crypt:3  | Entered Level 3 of the Crypt
 68183 | Crypt:3  | Found a staircase to the Tomb.
 68860 | Crypt:3  | Noticed a dread lich
 69032 | Crypt:3  | Noticed a dread lich
 69228 | Crypt:3  | Noticed an ancient lich
 69369 | Crypt:3  | Killed a dread lich
 69374 | Crypt:3  | Reached skill level 15 in Conjurations
 69399 | Crypt:3  | Killed an ancient lich
 69405 | Crypt:3  | Killed a dread lich
 69405 | Crypt:3  | Received a gift from Okawaru
 69413 | Crypt:3  | Identified the amulet "Histrijay" {Spirit rPois rF- Will-
                  | Dex+8}
 69797 | Depths:3 | Voluntarily entered the Abyss.
 69899 | Abyss:2  | Found a corrupted altar of Lugonu.
 69959 | Abyss:3  | Paralysed by you for 7 turns
 69963 | Abyss:3  | HP: 7/229 [entropy weaver (5)]
 69963 | Abyss:3  | HP: 2/229 [ghost moth (5)]
 69964 | Abyss:3  | Succumbed to a ghost moth's poison

Illustrated notes

Levels and vault maps discovered:
D:1:      saegor_arrival_simple_c, layout_loops_corners,
          shapermc_ecumenical_altar_totnotflames
D:2:      layout_basic, uniq_jessica, uniq_terence
D:3:      layout_loops_corners, nicolae_overflow_ecumenical_swirl,
          portal_sewer_entry_a, uniq_grinder
D:4:      layout_loops_ring, lightli_ossuary_entry_decrepit_ruins,
          corexii_hall_statues_l, cheibrodos_gnoll_hut
D:5:      layout_cave_pools, minmay_temple_entry_arrows
D:6:      cheibrodos_barr_body, layout_loops_corners,
          mainiacjoe_overflow_24_doors
D:7:      kennysheep_windowed_halls, layout_basic,
          nicolae_wu_jian_immortal_techniques, jmf_multi_god_temple2,
          uniq_harold, uniq_menkaure
D:8:      layout_basic, dpeg_oklobed_lair, uniq_grum, uniq_psyche
D:9:      minmay_opposing_rooms, layout_loops_corners, serial_shops, shop,
          kennysheep_mini_moat, shop, nicolae_shop_trees, minmay_liquid_box,
          kennysheep_generic_room_13
D:10:     layout_loops_ring, nicolae_tso_carved_into_rock, erik_orc_1,
          minmay_misc_feat_rows
D:11:     layout_big_octagon, serial_shops, nicolae_shop_waterfront,
          enter_bailey_8, fedhas_altar_2, uniq_erica
D:12:     layout_loops_ring, uniq_nessos
D:13:     layout_cave_pools, david_vaults_4, ebering_ghost_rock_garden,
          led_xom_imps
D:14:     layout_loops_ring, patterned_corridor, serial_shops, shop_statue,
          uniq_kirke
D:15:     hangedman_depths_entry_civil_slaughter, layout_basic,
          nicolae_twisting_strands, minmay_misc_feat_doors, uniq_rupert
Temple:   nicolae_temple_elliptical
Lair:1:   statuecave_lemuel, layout_small_grid
Lair:2:   layout_cellular_growth, minmay_swamp_entry_swarm
Lair:3:   nzn_winding_woodlands_three_and_one
          [nzn_winding_woodlands_5x15_garden, nzn_winding_woodlands_5x15_zeroes,
          nzn_winding_woodlands_5x15_river_crossing,
          nzn_winding_woodlands_center_lodge], layout_long_grid,
          dummy_snake_entry, roderic_carrion_pond, lemuel_fruit_tree, uniq_snorg
Lair:4:   layout_loops_ring, portal_ice_cave_entry_imps
Lair:5:   layout_gridlike, minmay_slime_entry_jelly_boxes
Lair:6:   minmay_lair_end_enchanted_forest, layout_regular_city,
          gauntlet_entry_generic, minivault_23
Swamp:1:  layout_basic_swamp, evilmike_swamp_ruin_house_1
Swamp:2:  layout_falls_marsh, evilmike_swamp_ruin_rubble_1, swamp_pool3
Swamp:3:  layout_basic_swamp, nicolae_swamp_tree_isthmus
Swamp:4:  swamp_icy, layout_basic_swamp, uniq_nikola
Snake:1:  layout_layer_cave
Snake:2:  layout_cave_town, nicolae_snake_scaly_snakehead, serial_bayou_shore_b,
          uniq_aizul
Snake:3:  layout_layer_cave, gammafunk_ghost_abyssal_escape,
          corexii_hall_statues_s, nicolae_snake_gridmaze_swirls,
          grunt_ministairs_13
Snake:4:  minmay_snake_end_coiled, layout_chambers, st_stairs_8,
          minmay_shop_grove, grunt_megastairs_4
Slime:1:  layout_caves
Slime:2:  layout_caves
Slime:3:  layout_caves, nicolae_slime_welcoming_committee
Slime:4:  layout_caves, nicolae_slime_round_cave
Slime:5
Orc:1:    layout_diamond_mine, basic_altar, serial_shops,
          nicolae_shop_window_shopping
Orc:2:    st_orc_town, layout_caves, mines5_lemuel, uniq_sonja
Elf:1:    nicolae_elf_arrival_fired_up, layout_rooms, orc_legates, uniq_asterion
Elf:2:    nicolae_elf_blades_crystal_corner, layout_geoelf_diagonals
Elf:3:    minmay_elf_hall_x, layout_onion_city, nicolae_shop_firing_range
Vaults:1: gammafunk_ghost_crypt, v_misc_3, ontoclasm_vaults_eye,
          vaults_room_fancy_cross, st_eye, v_rooms_2, v_misc_3,
          hangedman_vaults_trim, nicolae_vaults_yaktaur_gun_rack,
          vaults_dpeg_hooks, ontoclasm_vaults_loading_screen,
          ontoclasm_vaults_decontamination, layout_vaults_ring, serial_shops,
          shop_coins
Vaults:2: nicolae_vaults_little_squares_5, nicolae_vaults_ring_of_whatevers,
          nicolae_vaults_network_quinsquares
          [nicolae_vaults_network_quincunx_subvault,
          nicolae_vaults_network_quincunx_subvault,
          nicolae_vaults_network_quincunx_subvault,
          nicolae_vaults_network_quincunx_subvault], hangedman_vaults_corner,
          vaults_mumra_minichess, hangedman_vaults_maws,
          vaults_dpeg_encased_lava, st_octagons_2, hangedman_vaults_nodes,
          hangedman_vaults_unwind, vaults_room_grid, v_alt_pattern_4,
          vaults_room_stairs_pillars, vaults_room_pool, layout_vaults_omnibox
Vaults:3: minmay_crypt_entry_skeletal_spiral, st_squares, grunt_vaults_bifocal,
          hangedman_vaults_cutoff, dpeg_vaults_monster_box,
          ontoclasm_vaults_ring_small, vaults_room_corners,
          layout_vaults_omnigrid, serial_shops, nicolae_square_shop
Vaults:4: nicolae_vaults_back_hallway, hangedman_vaults_maws,
          grunt_vaults_trifunnel, hangedman_vaults_capsules,
          nicolae_vaults_network_quincunx
          [nicolae_vaults_network_quincunx_subvault,
          nicolae_vaults_network_quincunx_subvault,
          nicolae_vaults_network_quincunx_subvault,
          nicolae_vaults_network_quincunx_subvault,
          nicolae_vaults_network_quincunx_subvault],
          nicolae_vaults_shelves_hall, vaults_dpeg_diagonal,
          nicolae_vaults_little_squares_3, v_misc_17, nicolae_vaults_asterisk,
          grunt_vaults_hallway_long, hangedman_vaults_cutoff,
          vaults_room_hallway, layout_vaults_maze_snakey, serial_shops, shop,
          uniq_xtahua, uniq_boris
Vaults:5
Crypt:1:  layout_misc_corridors, grunt_megastairs_5, uniq_margery
Crypt:2:  layout_catacombs
Crypt:3:  david_glass_crypt, layout_basic
Depths:1: layout_cave_shapes, enter_ziggurat_f, hangedman_coc_ice_floe,
          corexii_corridor_pit, kennysheep_donut, wad_rectangle_vault
Depths:2: kennysheep_big_flooded_room, layout_gridlike, serial_glass,
          glass_columns_b, glass_columns_a, grunt_pan_entry_in_and_out,
          hell_entry, kennysheep_path_1, chequers_hall_statues_corner_a,
          solitary_fountain, uniq_bai_suzhen
Depths:3: grunt_forest_end_winery, layout_basic, minmay_room_of_horrors,
          hell_entry, kennysheep_just_a_vault, infiniplex_staircase_pillars_1,
          serial_bayou_shore_a, minmay_shoptagon, serial_bayou_shore_b
Depths:4: grunt_zot_entry_tricorne, layout_gridville,
          hangedman_abyss_entry_splay, grunt_hell_entry_dis_mu
Abyss:3:  base: D:7, nicolae_abyss_rune_left_handed

Skill      XL: |  1  2  3  4  5  6  7  8  9 10 11 12 13 14 15 16 17 18 19 20 21 22 23 24 25 26 |
---------------+-------------------------------------------------------------------------------+-----
Long Blades    | 4 5 6 7 8 9 12 | 12.7
Short Blades   | 3 6 8 |  8.6
Throwing       | 2 4 |  4.0
Armour         | 1 4 6 8 9 10 11 12 13 14 15 16 17 18 | 18.0
Shields        | 1 4 5 7 8 9 10 11 12 13 14 15 | 15.0
Evocations     | 1 3 5 7 8 9 10 11 | 11.0
Fighting       | 4 5 7 8 10 11 12 13 14 15 16 17 19 20 21 22 23 | 23.6
Dodging        | 5 7 8 9 10 11 12 13 14 15 16 17 | 17.0
Invocations    | 1 4 5 6 7 8 9 10 11 12 | 12.0
Maces & Flails | 7 12 16 17 | 17.0
Air Magic      | 1 5 7 9 10 11 13 15 17 19 | 19.1
Spellcasting   | 1 4 6 8 9 11 12 14 15 16 | 16.0
Conjurations   | 7 11 15 | 15.3
Stealth        | |  1.7

Action                   |  1- 3 |  4- 6 |  7- 9 | 10-12 | 13-15 | 16-18 | 19-21 | 22-24 | 25-27 || total
-------------------------+-------+-------+-------+-------+-------+-------+-------+-------+-------++-------
Melee: Falchion          |    97 |   243 |       |       |       |       |   117 |   263 |  1505 ||  2225
       Dagger            |       |    53 |   898 |  1371 |  1434 |       |       |       |       ||  3756
       Demon whip        |       |       |       |       |   560 |  2734 |  2739 |  3241 |  1480 || 10754
       Headbutt          |       |       |       |       |    85 |       |       |       |       ||    85
Throw: Javelin           |       |     6 |    17 |    28 |     7 |    20 |     7 |     8 |     8 ||   101
       Throwing net      |       |     2 |       |       |     7 |       |       |     3 |       ||    12
 Cast: Maxwell's Capacit |       |       |       |       |       |       |       |       |     3 ||     3
       Lightning Bolt    |       |       |       |       |       |       |       |       |     1 ||     1
Invok: Finesse           |       |       |       |       |     1 |     7 |    16 |    11 |     5 ||    40
       Heroism           |       |       |       |       |       |     4 |    24 |    30 |    20 ||    78
       Duel              |       |       |       |       |       |       |       |     2 |       ||     2
 Abil: Hop               |     1 |     4 |     5 |     9 |     7 |     6 |     4 |     4 |     4 ||    44
Evoke: Wand              |       |       |    10 |    13 |    16 |    19 |    20 |     9 |     7 ||    94
       Condenser vane    |       |       |       |       |     1 |     4 |     3 |     2 |     2 ||    12
       Phial of floods   |       |       |       |       |     1 |     4 |     4 |     3 |     2 ||    14
       Tin of tremorston |       |       |       |       |       |       |       |     1 |     6 ||     7
  Use: Potion            |     1 |       |     1 |     7 |    10 |     2 |     5 |     2 |     1 ||    29
       Scroll            |       |     3 |     4 |    14 |    13 |     7 |     8 |     8 |     3 ||    60
 Stab: Sleeping          |     3 |       |     1 |     3 |     3 |     7 |    10 |     9 |     6 ||    42
       Held in net/web   |       |     2 |       |       |     5 |       |       |     4 |       ||    11
       Distracted        |       |       |     2 |       |     2 |     2 |     2 |       |     2 ||    10
       Paralysed         |       |       |       |     4 |     7 |       |     5 |    23 |       ||    39
Armor: Robe              |    16 |       |       |       |       |       |       |       |       ||    16
       Chain mail        |     9 |       |       |       |       |       |       |       |       ||     9
       Scale mail        |       |    72 |   103 |       |       |       |       |       |       ||   175
       Leather armour    |       |       |    59 |   104 |       |       |       |       |       ||   163
       Plate armour      |       |       |       |   109 |   230 |       |       |       |       ||   339
       Troll leather arm |       |       |       |       |   174 |   423 |   374 |   133 |       ||  1104
       Gold dragon scale |       |       |       |       |       |       |       |   530 |   213 ||   743
       Acid dragon scale |       |       |       |       |       |       |       |       |   356 ||   356
Dodge: Dodged            |    69 |   154 |   340 |   633 |   725 |  1106 |  1238 |  1310 |  1345 ||  6920
       Repelled          |       |       |       |    11 |     7 |    51 |    36 |    15 |       ||   120
Block: Buckler           |       |       |    57 |   255 |   346 |       |       |       |       ||   658
       Kite shield       |       |       |       |       |   105 |  1383 |  1226 |  1640 |  2020 ||  6374
       Reflection        |       |       |       |       |       |       |       |     2 |    28 ||    30

Table legend: (Time is in decaauts)
 A = Elapsed time spent in this place.
 B = Non-inter-level travel time spent in this place.
 C = Inter-level travel time spent in this place.
 D = Time resting spent in this place.
 E = Time spent auto-exploring this place.
 F = Levels seen in this place.
 G = Mean time per level.
                   A        B        C        D        E       F      G
               +--------+--------+--------+--------+--------+-----+--------+
         Total |  69583 |  63539 |   6044 |  11689 |  31238 |  62 | 1122.3 |
       Dungeon |  19643 |  17596 |   2047 |   4251 |   8633 |  15 | 1309.5 |
        Temple |    164 |    139 |     25 |      0 |    111 |   1 |  164.0 |
          Lair |  10475 |   9325 |   1150 |   2640 |   4180 |   6 | 1745.8 |
         Swamp |   2767 |   2633 |    134 |    129 |   1501 |   4 |  691.8 |
     Snake Pit |   6509 |   6147 |    362 |    290 |   3989 |   4 | 1627.2 |
    Slime Pits |   1531 |   1478 |     53 |    526 |    174 |   5 |  306.2 |
  Orcish Mines |   1999 |   1547 |    452 |      0 |    996 |   2 |  999.5 |
   Elven Halls |   3689 |   3274 |    415 |    149 |   1573 |   3 | 1229.7 |
        Vaults |   8834 |   7857 |    977 |    707 |   4403 |   5 | 1766.8 |
         Crypt |   3554 |   3380 |    174 |    320 |   1685 |   3 | 1184.7 |
        Depths |   4933 |   4682 |    251 |    196 |   2845 |   4 | 1233.2 |
         Abyss |    184 |    184 |      0 |      0 |    110 |   3 |   61.3 |
         Sewer |   1110 |   1110 |      0 |    497 |    294 |   1 | 1110.0 |
       Ossuary |    900 |    900 |      0 |    576 |     61 |   1 |  900.0 |
        Bailey |    328 |    328 |      0 |      0 |    159 |   1 |  328.0 |
      Ice Cave |   2495 |   2495 |      0 |   1394 |    331 |   1 | 2495.0 |
      Gauntlet |    426 |    426 |      0 |      0 |    187 |   1 |  426.0 |
         Arena |     35 |     35 |      0 |     10 |      0 |   2 |   17.5 |
               +--------+--------+--------+--------+--------+-----+--------+

Top non-repeatable levels by time:
  Lair:1: 2761 daAuts
   IceCv: 2495 daAuts
     D:7: 2106 daAuts
Vaults:3: 2038 daAuts
     D:6: 2009 daAuts
     D:8: 1960 daAuts
Vaults:5: 1922 daAuts
Vaults:4: 1847 daAuts
     D:3: 1834 daAuts
  Lair:2: 1818 daAuts
   Elf:3: 1798 daAuts
     D:9: 1790 daAuts
 Snake:3: 1761 daAuts
  Lair:4: 1723 daAuts
  Lair:3: 1708 daAuts
